 Dungeon Crawl Stone Soup version 0.29.1-1-gd02db6906a (webtiles) character file.

Game seed: 11029196467823942949

49 Colgate the Chiller (level 3, -3/24 HPs)
             Began as a Barachi Ice Elementalist on Oct 9, 2022.
             Was an Initiate of Yredelemnul.
             Shot with an arrow by a hobgoblin (13 damage)
             ... on level 2 of the Dungeon.
             The game lasted 00:05:02 (1515 turns).

Colgate the Chiller (Barachi Ice Elementalist)      Turns: 1515, Time: 00:05:03

Health: -3/24      AC:  2    Str:  9    XL:     3   Next: 77%
Magic:  4/6        EV: 12    Int: 17    God:    Yredelemnul [......]
Gold:   32         SH:  0    Dex: 12    Spells: 2/6 levels left

rFire   . . .      SeeInvis .   a - +0 lajatang
rCold   . . .      Faith    .   (shield currently unavailable)
rNeg    . . .      Spirit   .   e - +0 robe
rPois   .          Reflect  .   (no helmet)
rElec   .          Harm     .   (no cloak)
rCorr   .          Rampage  .   (no gloves)
Will    .....                   (no boots)
Stlth   ++........              (no amulet)
HPRegen 0.08/turn               (no ring)
MPRegen 0.10/turn               (no ring)

@: slow
A: amphibious, slowness 1, strong legs 1, +LOS
a: Hop, Renounce Religion, Recall Undead Harvest


You were on level 2 of the Dungeon.
You worshipped Yredelemnul.
Yredelemnul was noncommittal.
You visited 1 branch of the dungeon, and saw 2 of its levels.

You collected 32 gold pieces.

Inventory:

Hand Weapons
 a - a +0 lajatang (weapon)
Armour
 e - a +0 robe (worn)
Scrolls
 f - a scroll of teleportation {@r3}
 h - a scroll of enchant weapon {unknown}
Potions
 b - a potion of magic
 d - a potion of resistance {@q5}
 g - a potion of attraction


   Skills:
 - Level 2.1 Dodging
 - Level 1.7 Stealth
 - Level 2.1 Spellcasting
 + Level 6.4 Ice Magic


You had 2 spell levels left.
You knew the following spells:

 Your Spells              Type           Power      Damage    Failure   Level
a - Freeze                Ice            92%        1d10      1%          1
b - Frozen Ramparts       Ice            46%        1d7       4%          3

Your spell library contained the following spells:

 Spells                   Type           Power      Damage    Failure   Level
 Ozocubu's Armour         Ice            23%        N/A       4%          3
 Hailstorm                Conj/Ice       12%        3d5       45%         4
 Conjure Flame            Conj/Fire      1%         6-21      50%         3
 Ignite Poison            Fire/Tmut/Pois 1%         N/A       50%         3
 Sticky Flame             Conj/Fire      1%         2d3       88%         4


Dungeon Overview and Level Annotations

Branches:
Dungeon (2/15)

Altars:
Yredelemnul


Innate Abilities, Weirdness & Mutations

You are amphibious.
You cover ground slowly.
You can hop short distances.
You have an extended range of vision and can be seen from far away.


Message History

You climb downwards.
There is a stone staircase leading up here.
What are your orders? t - Croak!
Orders for allies: a - Attack new target. r - Retreat! s - Stop attacking. g - Guard the area. f - Follow me.
Anything else - Cancel.
You croak for attention!
You hear an angry hiss. x2; You hear a shout!
A rat is nearby!
A ball python comes into view.
Casting: Frozen Ramparts (quite dangerous; 4% risk of failure)
Casting: Frozen Ramparts (quite dangerous; 4% risk of failure)
A stone staircase leading up.
The walls around you are covered in ice.
The wall freezes the rat!
You kill the rat!
The dead are walking!
The wall freezes the ball python.
You kill the ball python!
The dead are slithering!
No target in view!
A hobgoblin comes into view.
It is wielding a +1 shortbow of flaming.
Your frozen ramparts will break if you move.
Continue?
Okay, then.
The hobgoblin shoots an arrow.
The arrow hits your ball python zombie!
The arrow burns your ball python zombie.
Your ball python zombie is destroyed!
The hobgoblin shoots an arrow.
The arrow barely misses you.
The frozen ramparts melt away.
The hobgoblin shoots an arrow.
The arrow hits you. The arrow burns you.
The hobgoblin shoots an arrow.
The arrow misses you.
The hobgoblin shoots an arrow.
The arrow closely misses you.
The hobgoblin shoots an arrow.
The arrow misses you.
The hobgoblin shoots an arrow.
The arrow misses you.
The hobgoblin shoots an arrow.
The arrow hits you! The arrow burns you.
The hobgoblin shoots an arrow.
The arrow hits you!
Ouch! That really hurt!
You die...
Your body rises from the dead as a mindless zombie.

#...# #..
.# .. ..###
##.# .....
... ##.#.#
.. .#.....#
.#
.......Z#.#
#.@.# ##..#
.....
...####
##... ....
g... ...#..
### ..


You could see a hobgoblin and a friendly rat zombie.

Vanquished Creatures
  An endoplasm (D:1)
  2 giant cockroaches (D:1)
  4 goblins
  2 hobgoblins (D:1)
  3 jackals (D:1)
  3 kobolds (D:1)
  A ball python (D:2)
  3 bats (D:1)
  4 frilled lizards (D:1)
  A goblin zombie (D:1)
  2 rats
26 creatures vanquished.

Vanquished Creatures (collateral kills)
  A gnoll (D:1)
  A dart slug (D:1)
  2 endoplasms (D:1)
  A goblin (D:1)
  A hobgoblin (D:1)
  2 kobolds (D:1)
  A rat (D:1)
9 creatures vanquished.

Vanquished Creatures (others)
  A bat zombie (D:1)
  A ball python zombie (D:2)
  7 plants (D:1)
  8 withered plants (D:1)
17 creatures vanquished.

Grand Total: 52 creatures vanquished

Notes
Turn   | Place    | Note
-------+----------+-------------------------------------------
     0 | D:1      | Colgate the Barachi Ice Elementalist began the quest for
                  | the Orb.
     0 | D:1      | Reached XP level 1. HP: 13/13 MP: 3/3
    27 | D:1      | Found a faded altar of an unknown god.
    32 | D:1      | Reached skill level 5 in Ice Magic
    33 | D:1      | Prayed at the altar of an unknown god.
    33 | D:1      | Became a worshipper of Yredelemnul the Dark
    33 | D:1      | Reached * piety under Yredelemnul
    94 | D:1      | Reached XP level 2. HP: 16/19 MP: 1/5
   230 | D:1      | Reached ** piety under Yredelemnul
   293 | D:1      | Reached XP level 3. HP: 24/24 MP: 4/6
   296 | D:1      | Reached skill level 6 in Ice Magic
   303 | D:1      | Learned a level 3 spell: Frozen Ramparts
   743 | D:1      | Reached *** piety under Yredelemnul
  1515 | D:2      | Shot with an arrow by a hobgoblin

Illustrated notes

Levels and vault maps discovered:
D:1:      lightli_arrival_maybe_door_vault, layout_basic,
          shapermc_ecumenical_altar_flowoftime
D:2:      layout_rooms

Skill      XL: |  1  2  3 |
---------------+----------+-----
Ice Magic      | 5 6 |  6.4
Dodging        | |  2.1
Stealth        | |  1.7
Spellcasting   | |  2.1

Action                   || total
-------------------------++-------
Melee: Lajatang          ||     5
 Cast: Freeze            ||    21
       Frozen Ramparts   ||     9
Invok: Recall Undead Har ||     1
 Abil: Hop               ||     1
  Use: Scroll            ||     3
Armor: Robe              ||     8
Dodge: Dodged            ||    19
